 Dungeon Crawl Stone Soup version 0.31.0-12-g77e489cdc1 (webtiles) character file.

Game seed: 10356120538282879152

18 ChadusMaximus the Caller (level 2, -1/19 HPs)
             Began as a Barachi Summoner on Mar 2, 2024.
             Slain by an adder (3 damage)
             ... on level 2 of the Dungeon.
             The game lasted 00:01:07 (843 turns).

ChadusMaximus the Caller (Barachi Summoner)          Turns: 843, Time: 00:01:08

Health: -1/19      AC:  2    Str:  9    XL:     2   Next: 66%
Magic:  3/5        EV: 12    Int: 15    God:
Gold:   55         SH:  0    Dex: 12    Spells: 5/6 levels left

rFire   . . .        c - +0 dagger
rCold   . . .        (no shield)
rNeg    . . .        a - +0 robe
rPois   .            (no helmet)
rElec   .            (no cloak)
rCorr   .            (no gloves)
SInv    .            (no boots)
Will    .....        (no amulet)
Stlth   ++           (no ring)
HPRegen 0.23/turn    (no ring)
MPRegen 0.09/turn

%: no passive effects
@: slow
A: amphibious, slowness 1, strong legs 1, +LOS
a: Hop


You were on level 2 of the Dungeon.
You visited 1 branch of the dungeon, and saw 2 of its levels.

You collected 55 gold pieces.

Inventory:

Hand Weapons
 c - a +0 dagger (weapon)
Armour
 a - a +0 robe (worn)
Jewellery
 f - a ring of willpower
Scrolls
 e - a scroll of noise {unknown}
 i - a scroll of summoning {unknown}
 j - a scroll of amnesia {unknown}
Potions
 b - a potion of magic
 d - a potion of enlightenment {unknown}
 g - 2 potions of might {unknown}
 h - a potion of brilliance {unknown}


   Skills:
 - Level 2.3 Dodging
 - Level 2.0 Stealth
 + Level 2.5 Spellcasting
 * Level 5.2 Summonings


You had 5 spell levels left.
You knew the following spells:

 Your Spells              Type           Power      Damage    Failure   Level
a - Summon Small Mammal   Summ           68%        N/A       2%          1

Your spell library contained the following spells:

 Spells                   Type           Power      Damage    Failure   Level
 Call Imp                 Summ           34%        N/A       3%          2
 Call Canine Familiar     Summ           17%        N/A       8%          3
 Summon Blazeheart Golem  Fire/Summ      9%         N/A       56%         4
 Summon Lightning Spire   Summ/Air       9%         N/A       56%         4


Dungeon Overview and Level Annotations

Branches:
Dungeon (2/15)

Altars:


Innate Abilities, Weirdness & Mutations

You are amphibious.
You cover ground slowly.
You can hop short distances.
You have an extended range of vision and can be seen from far away.


Message History

The adder closely misses you. The adder bites you.
You are poisoned.
The adder poisons you!
An adder is nearby!
You barely miss the adder.
The adder is lightly wounded.
You feel sick. The adder bites you.
You hit the adder but do no damage.
The adder is lightly wounded.
You feel sick. The adder completely misses you.
You barely miss the adder.
The adder is lightly wounded.
You feel sick. The adder bites you. The adder closely misses you.
You barely miss the adder.
The adder is lightly wounded.
You feel sick. The adder closely misses you.
An adder is nearby!
You feel sick.
You are no longer poisoned.
The adder bites you.
You are poisoned.
The adder poisons you!
You swap places.
You feel sick.
Your bat completely misses the adder.
The adder bites your bat.
Your bat is poisoned.
The adder poisons your bat!
Your bat completely misses the adder.
The adder closely misses your bat.
You are too injured to fight recklessly!
An adder is nearby!
Casting: Summon Small Mammal (safe; 2% risk of failure)
Confirm with . or Enter, or press ? or * to list all spells.
You feel sick.
Your bat dies!
Your bat's corpse disappears in a puff of smoke!
You feel sick.
You are no longer poisoned.
The adder attacks as it pursues you! The adder bites you.
* * * LOW HITPOINT WARNING * * *
The adder bites you.
You die...

#.#....# #.###.#
#.#....# #.#...
#.#....# #.#.########
#.#....# #...........
#.#.#### ###.########
#<..# #.........
############.....#..#
>........S.........
##########@###.#.##
#.....r.# .# #
#.....### # #####. #


You could see an adder (ally target) and a friendly quokka (summoned).

Vanquished Creatures
  A ball python (D:1)
  2 bats (D:1)
  2 endoplasms (D:1)
  A giant cockroach (D:1)
  A hobgoblin (D:1)
  A quokka (D:1)
  A frilled lizard (D:1)
  A goblin (D:1)
  2 rats (D:1)
12 creatures vanquished.

Vanquished Creatures (collateral kills)
  3 hobgoblins (D:1)
  A rat (D:1)
4 creatures vanquished.

Grand Total: 16 creatures vanquished

Notes
Turn   | Place    | Note
-------+----------+-------------------------------------------
     0 | D:1      | ChadusMaximus the Barachi Summoner began the quest for the
                  | Orb.
     0 | D:1      | Reached XP level 1. HP: 13/13 MP: 3/3
   191 | D:1      | Reached skill level 5 in Summonings
   191 | D:1      | Reached XP level 2. HP: 13/19 MP: 5/5
   843 | D:2      | Slain by an adder

Illustrated notes

Levels and vault maps discovered:
D:1:      dpeg_arrival_yet_another_circle, layout_loops_cross
D:2:      minmay_door_path, layout_basic

Skill      XL: |  1 |
---------------+----+-----
Stealth        | 2 |  2.0
Summonings     | 5 |  5.2
Dodging        | |  2.3
Spellcasting   | |  2.5

Action                     || total
---------------------------++-------
  Melee: Dagger            ||    58
         Unarmed           ||    19
   Cast: Summon Small Mamm ||    15
   Stab: Sleeping          ||     1
 Armour: Robe              ||    38
  Dodge: Dodged            ||    63
